 Dungeon Crawl Stone Soup version 0.31-a0-175-g9f7f995f2b (webtiles) character file.

Game seed: 3972020362008733426

23 qw the Shooter (level 2, 0/26 HPs)
             Began as a Naga Hunter on June 16, 2023.
             Slain by Sigmund
             ... wielding a +0 scythe
              (2 damage)
             ... on level 2 of the Dungeon.
             The game lasted 00:00:17 (871 turns).

qw the Shooter (Naga Hunter)                         Turns: 871, Time: 00:00:17

Health: 0/26       AC:  3    Str: 13    XL:     2   Next: 95%
Magic:  2/2        EV:  9    Int:  9    God:
Gold:   20         SH:  0    Dex: 14    Spells: 1/1 levels left

rFire   . . .        Y - +0 shortbow (drain)
rCold   . . .        (shield currently unavailable)
rNeg    . . .        c - +0 leather armour
rPois   +            (no helmet)
rElec   .            h - +0 cloak
rCorr   .            (no gloves)
SInv    +            (no barding)
Will    .....        (no amulet)
Stlth   ++           (no ring)
HPRegen 0.24/turn    (no ring)
MPRegen 0.08/turn

%: no passive effects
@: very slow
A: AC +0, large, see invisible, deformed body, poison resistance, slowness 2,
spit poison 1, naga tail 1
a: Spit Poison


You were on level 2 of the Dungeon.
You visited 1 branch of the dungeon, and saw 2 of its levels.

You collected 20 gold pieces.


Innate Abilities, Weirdness & Mutations

Your serpentine skin is tough. (AC +0)
You have supernaturally acute eyesight. (SInv)
Armour fits poorly on your strangely shaped body.
Your system is resistant to poisons. (rPois)
You cover ground very slowly.
You can spit poison.
You have a snake-like lower body.


   Skills:
 - Level 2.0 Fighting
 + Level 4.4 Ranged Weapons
 - Level 1.5 Dodging
 - Level 1.5 Stealth


You had one spell level left.
You didn't know any spells.
Your spell library was empty.

Inventory:

Hand Weapons
 Y - a +0 shortbow of draining (weapon)
Armour
 c - a +0 leather armour (worn)
 h - a +0 cloak (worn)
Scrolls
 a - a scroll of summoning {unknown}
 b - a scroll of teleportation {unknown}
Potions
 d - a potion of curing {unknown}

Dungeon Overview and Level Annotations

Branches:
Dungeon (2/15)

Altars:

Annotations:
D:2 Sigmund


Message History

Aiming: Spit Poison (2% risk of failure)
Press: ? - help, Shift-Dir - straight line, f - Sigmund The splash of poison hits Sigmund!
Sigmund is moderately wounded.
Sigmund casts a spell at you. The puff of flame misses you.
You shoot an arrow. The arrow hits the ball python.
You kill the ball python!
Sigmund casts a spell at you.
The puff of flame hits you but does no damage.
Sigmund points at you and mumbles some strange words.
The magic dart hits you.
You shoot an arrow. The arrow hits Sigmund.
Sigmund is heavily wounded.
An adder comes into view.
You shoot an arrow. The arrow barely misses Sigmund.
The arrow barely misses the adder.
The adder hisses angrily.
You shoot an arrow. The arrow completely misses Sigmund.
Sigmund gestures at you while chanting.
You are confused.
You have got your breath back.
A ball python comes into view.
Sigmund breathes a few words.
Sigmund's hands start flickering wildly.
Sigmund points at you and mumbles some strange words.
The puff of flame hits you.
The ball python hisses angrily.
Sigmund barely misses you. The adder barely misses you.
Sigmund hits you from afar with a +0 scythe!
The adder bites you.
A worm comes into view.
The adder closely misses you.
Sigmund casts a spell.
Sigmund flickers and vanishes for a moment.
The adder bites you.
You feel less confused.
Sigmund hits you from afar with a +0 scythe.
You die...

#........#
###########........##.
.....................
.....##............#
......#............#
..##...............#
#..................#
#.###....)......@#
#.###......#####SS.#
###........# @.......
#........# .........#
#...###### ..........w
#...# #.###.###.#.
#...# #. ## .# #...# .
# #)..#


You could see Sigmund (invisible), a worm, an adder and a ball python.

Vanquished Creatures
  2 endoplasms (D:1)
  A goblin (D:1)
  4 hobgoblins (D:1)
  3 kobolds (D:1)
  A quokka (D:2)
  4 ball pythons
  3 frilled lizards (D:1)
  4 rats
22 creatures vanquished.

Notes
Turn   | Place    | Note
-------+----------+-------------------------------------------
     0 | D:1      | qw the Naga Hunter began the quest for the Orb.
     0 | D:1      | Reached XP level 1. HP: 19/19 MP: 1/1
     0 | D:1      | 0 ||| qw: Version: 0.2-a-29-g511e9b1
     0 | D:1      | 0 ||| qw: Game counter: 5726
     0 | D:1      | 0 ||| qw: Always use a shield: true
     0 | D:1      | 0 ||| qw: God list: Okawaru
     0 | D:1      | 0 ||| qw: Allow faded altars: false
     0 | D:1      | 0 ||| qw: Do Orc after D:15 true
     0 | D:1      | 0 ||| qw: Do second Lair branch before Depths: true
     0 | D:1      | 0 ||| qw: Lair rune preference: random
     0 | D:1      | 0 ||| qw: Plans: Normal
     0 | D:1      | 0 ||| PLANNING D:1-11
    44 | D:1      | 44 ||| INVOKING Spit Poison.
    72 | D:1      | 72 ||| INVOKING Spit Poison.
   126 | D:1      | 126 ||| INVOKING Spit Poison.
   138 | D:1      | 138 ||| INVOKING Spit Poison.
   143 | D:1      | 143 ||| INVOKING Spit Poison.
   146 | D:1      | 146 ||| INVOKING Spit Poison.
   178 | D:1      | 178 ||| INVOKING Spit Poison.
   182 | D:1      | 182 ||| INVOKING Spit Poison.
   183 | D:1      | Reached skill level 4 in Ranged Weapons
   183 | D:1      | Reached XP level 2. HP: 26/26 MP: 2/2
   303 | D:1      | 303 ||| INVOKING Spit Poison.
   441 | D:1      | 441 ||| INVOKING Spit Poison.
   517 | D:1      | 517 ||| INVOKING Spit Poison.
   624 | D:1      | 624 ||| INVOKING Spit Poison.
   629 | D:1      | 629 ||| INVOKING Spit Poison.
   716 | D:1      | 716 ||| INVOKING Spit Poison.
   738 | D:1      | 738 ||| INVOKING Spit Poison.
   771 | D:1      | 771 ||| UPGRADING to +0 cloak.
   776 | D:1      | 776 ||| DROPPING ring of wizardry.
   777 | D:1      | 777 ||| READING scroll labelled CAXAUB NEUS.
   778 | D:1      | 778 ||| READING scroll labelled GAX BUATEI.
   779 | D:1      | 779 ||| READING scroll labelled WEIVAR DOSU.
   780 | D:1      | 780 ||| DROPPING scroll of butterflies.
   815 | D:2      | 815 ||| INVOKING Spit Poison.
   860 | D:2      | Noticed Sigmund
   861 | D:2      | 861 ||| INVOKING Spit Poison.
   868 | D:2      | HP: 4/26 [Sigmund/+0 scythe (9)]
   871 | D:2      | Slain by Sigmund

Levels and vault maps discovered:
D:1:      dpeg_arrival_tiny_a, layout_loops_corners, moated_statue
D:2:      layout_basic, dk_noncrumbling_2, hangedman_decor_points,
          minmay_indecisive_spiral, uniq_jessica, uniq_sigmund

Skill      XL: |  1 |
---------------+----+-----
Ranged Weapons | 4 |  4.4
Fighting       | |  2.0
Dodging        | |  1.5
Stealth        | |  1.5

Action                     || total
---------------------------++-------
   Fire: Shortbow          ||    33
Ability: Spit Poison       ||    17
    Use: Scroll            ||     3
 Armour: Leather armour    ||     3
  Dodge: Dodged            ||    12

Table legend:
 A = Non-vault XP
 B = Vault XP
 C = Vault XP percentage of total XP
 D = Non-vault monster count
 E = Vault monster count
 F = Vault count percentage of total count
                 A         B        C        D         E       F
            +---------+---------+-------+---------+---------+-------
      Total |      33 |       0 |   0.0 |      22 |       0 |   0.0
            +---------+---------+-------+---------+---------+-------
        D:1 |      29 |       0 |   0.0 |      19 |       0 |   0.0
        D:2 |       4 |       0 |   0.0 |       3 |       0 |   0.0
            +---------+---------+-------+---------+---------+-------
